 Dungeon Crawl Stone Soup version 0.24-a0-67-ga78bd38 (webtiles) character file.

Game seed: 8532522756461532219

304 MalarOregon the Poker (level 6, -1/47 HPs)
             Began as a Merfolk Gladiator on Feb 6, 2019.
             Killed by nerve-wracking pain
             ... invoked by an orc priest
              (11 damage)
             ... on level 4 of the Dungeon.
             The game lasted 00:06:47 (2895 turns).

MalarOregon the Poker (Merfolk Gladiator)           Turns: 2895, Time: 00:06:48

Health: -1/47      AC:  5    Str: 14    XL:     6   Next: 38%
Magic:  6/6        EV: 12    Int: 10    God:
Gold:   188        SH:  8    Dex: 15    Spells: 5/5 levels left

rFire    . . .     SeeInvis .   a - +0 trident
rCold    . . .     Gourm    .   p - +0 shield
rNeg     . . .     Faith    .   b - +0 leather armour
rPois    .         Spirit   .   c - +0 helmet
rElec    .         Reflect  .   j - +0 cloak (curse)
rCorr    .         Harm     .   (no gloves)
MR       .....                  (no boots)
Stlth    +.........             k - amulet of rage
HPRegen  0.15/turn              (no ring)
MPRegen  0.10/turn              (no ring)

@: no status effects
A: change form in water, swift swim, stealthy swim
a: Evoke Berserk Rage


You were on level 4 of the Dungeon.
You were not hungry.

You visited 1 branch of the dungeon, and saw 4 of its levels.

You collected 188 gold pieces.

Inventory:

Hand Weapons
 a - a +0 trident (weapon)
Missiles
 d - 2 throwing nets (quivered) {!f}
Armour
 b - a +0 leather armour (worn)
 c - a +0 helmet (worn)
 j - a cursed +0 cloak (worn)
   (You found it on level 2 of the Dungeon)
 p - a +0 shield (worn)
   (You found it on level 3 of the Dungeon)
Jewellery
 i - an uncursed ring of ice
   (You found it on level 1 of the Dungeon)
 k - an amulet of rage (around neck)
   (You found it on level 1 of the Dungeon)
Scrolls
 h - a scroll of identify {@r1}
Potions
 m - 3 potions of haste {@q3}
 n - a potion of brilliance
Comestibles
 e - 10 rations {!d}


   Skills:
 + Level 3.3 Fighting
 * Level 6.7 Polearms
 + Level 3.1 Throwing
 + Level 5.2 Dodging
 * Level 2.5 Shields


You had 5 spell levels left.
You didn't know any spells.
Your spell library was empty.

Dungeon Overview and Level Annotations

Branches:
Dungeon (4/15)
 Temple: D:4-7

Altars:
Uskayaw


Message History

The magic dart hits you.
* * * LOW HITPOINT WARNING * * *
Attack whom?
Aim: an orc wizard, wielding a +0 dagger and wearing a +0 robe (heavily wounded, fast)
You reach to attack!
You hit the orc wizard but do no damage.
The orc wizard hits you but does no damage.
You hit the orc wizard. The orc wizard closely misses you.
You hit the orc wizard.
You kill the orc wizard!
You now have 188 gold pieces (gained 3).
Things that are here:
a +0 dagger; a +0 robe; an orc corpse You butcher the orc corpse.
f - 2 chunks of flesh
Things that are here:
a +0 dagger; a +0 robe; an orc skeleton You hear the brisk rusting of a very distant drain.
Things that are here:
a +0 trident; an orc skeleton There isn't anything to butcher here.
You start resting.
Eating one of 2 chunks of flesh.
You eat one of the 2 chunks of flesh.
You are feeling very hungry.
Eating a chunk of flesh.
You eat the chunk of flesh.
You hear the quick rusting of a very distant drain.
The orc is too close now for your liking.
You are too injured to fight recklessly!
The orc shouts!
You hear a shout!
Things that are here:
a +0 dagger; a +0 robe; an orc skeleton You closely miss the orc.
The orc closely misses you.
You hit the orc. The orc hits you but does no damage.
You puncture the orc!
You kill the orc!
You see here a +0 leather armour.
You start resting.
An orc priest comes into view. It is wielding a +0 club.
Your shield and leather armour prevent you from hitting the orc priest.
The orc priest shouts!
The orc priest hits you with a +0 club.
* * * LOW HITPOINT WARNING * * *
You closely miss the orc priest.
The orc priest looks encouraged for a moment.
You hit the orc priest but do no damage.
The orc priest hits you but does no damage.
You puncture the orc priest!
The orc priest invokes the aid of Beogh against you.
Pain shoots through your body!
You die...

#.#... #
#.#..# #.#
#<#..#....
#.#....#..
#.).....).
#).###.##.
###..#
#.o..#
#.#@.#
#.#.##
#.#.# #...#
....W.....#
>.#.#.#.#.#
⌠...⌠....
#.# #.#...#
.!. ... ..#


You could see an orc priest.

Vanquished Creatures
  A phantom (D:4)
  Blork the orc (D:3)
  An orc wizard (D:4)
  2 adders (D:2)
  3 gnolls (D:2)
  A dart slug (D:1)
  3 leopard geckos
  6 orcs
  A ball python (D:1)
  2 giant cockroaches
  7 goblins
  3 hobgoblins
  7 jackals
  7 bats
  5 frilled lizards
  4 kobolds
  11 rats
65 creatures vanquished.

Notes
Turn   | Place    | Note
-------+----------+-------------------------------------------
     0 | D:1      | MalarOregon the Merfolk Gladiator began the quest for the
                  | Orb.
     0 | D:1      | Reached XP level 1. HP: 16/16 MP: 1/1
   119 | D:1      | Reached XP level 2. HP: 14/23 MP: 2/2
   628 | D:1      | Reached skill level 5 in Polearms
   628 | D:1      | Reached XP level 3. HP: 28/28 MP: 3/3
  1175 | D:2      | Reached skill level 1 in Shields
  1175 | D:2      | Reached XP level 4. HP: 32/34 MP: 4/4
  1755 | D:2      | Found a hide-covered altar of Uskayaw.
  2425 | D:4      | Noticed Blork the orc
  2425 | D:4      | Noticed a phantom
  2449 | D:4      | Reached XP level 5. HP: 40/40 MP: 5/5
  2461 | D:3      | HP: 1/40 [something (7)]
  2478 | D:3      | HP: 2/40 [Blork the orc/puff of frost (7)]
  2480 | D:3      | Killed Blork the orc
  2480 | D:3      | Reached skill level 6 in Polearms
  2800 | D:4      | Killed a phantom
  2800 | D:4      | Reached skill level 5 in Dodging
  2800 | D:4      | Reached XP level 6. HP: 27/47 MP: 6/6
  2895 | D:4      | Killed from afar by an orc priest

Vault maps used:
D:1:      dpeg_arrival_round_c
D:2:      marbit_many_paths, due_unseen_surprise
D:4:      minmay_spotlight, grunt_gozag_statues, cheibrodos_sewer_entry_bend,
          minmay_shop_grid_forest, uniq_blork_the_orc

Skill      XL: |  1  2  3  4  5 |
---------------+----------------+-----
Polearms       | 5 6 |  6.7
Shields        | 1 2 |  2.5
Fighting       | 3 |  3.3
Throwing       | 3 |  3.1
Dodging        | 5 |  5.2

Action                   |  1- 3 |  4- 6 || total
-------------------------+-------+-------++-------
Melee: Trident           |    99 |   155 ||   254
Throw: Throwing net      |       |     3 ||     3
 Abil: Evoke Berserk Rag |     1 |     2 ||     3
  Use: Scroll            |     1 |     6 ||     7
       Potion            |       |     5 ||     5
 Stab: Sleeping          |     3 |     2 ||     5
  Eat: Chunk             |     2 |     7 ||     9
Armor: Leather armour    |    13 |    27 ||    40
Dodge: Dodged            |    63 |    66 ||   129
Block: Buckler           |     3 |     8 ||    11
       Shield            |       |    18 ||    18

Table legend:
 A = Non-vault XP
 B = Vault XP
 C = Vault XP percentage of total XP
 D = Non-vault monster count
 E = Vault monster count
 F = Vault count percentage of total count
                 A         B        C        D         E       F
            +---------+---------+-------+---------+---------+-------
      Total |     338 |      97 |  22.3 |      63 |       2 |   3.1
            +---------+---------+-------+---------+---------+-------
        D:1 |      34 |       0 |   0.0 |      21 |       0 |   0.0
        D:2 |      94 |       1 |   1.1 |      19 |       1 |   5.0
        D:3 |      31 |      96 |  75.6 |      16 |       1 |   5.9
        D:4 |     179 |       0 |   0.0 |       7 |       0 |   0.0
            +---------+---------+-------+---------+---------+-------
